 Dungeon Crawl Stone Soup version 0.31.0-12-g77e489cdc1 (webtiles) character file.

Game seed: 14524024990327895031

5563 Kroalmo the Cleaver (level 10, -31/90 HPs)
             Began as a Minotaur Berserker on Feb 20, 2024.
             Was an Elder of Trog.
             Blown up by an orb spider (62 damage)
             ... with an orb of destruction
             ... on level 9 of the Dungeon.
             The game lasted 00:35:53 (8100 turns).

Kroalmo the Cleaver (Minotaur Berserker)            Turns: 8100, Time: 00:35:53

Health: -31/90     AC: 12    Str: 30 (31) XL:     10   Next: 44%
Magic:  8/8        EV: 13    Int:  8 (9)  God:    Trog [****..]
Gold:   405        SH:  0    Dex:  9      Spells: 9/9 levels left

rFire   . . .        i - +3 battleaxe (freeze)
rCold   + + .        (shield currently unavailable)
rNeg    . . .        A - +2 ring mail of Elyvilon's Whim {Str+4 Int+5}
rPois   .            (helmet restricted)
rElec   .            (no cloak)
rCorr   .            e - +2 pair of gloves
SInv    .            (no boots)
Will    .....        (no amulet) Stlth
                     y - +4 ring of slaying
HPRegen 0.35/turn    (no ring)
MPRegen 0.11/turn

%: no passive effects
@: no status effects
A: horns 2, retaliatory headbutt, cold resistance 2, low MP 1
a: Renounce Religion, Berserk, Trog's Hand, Brothers in Arms


You were on level 9 of the Dungeon.
You worshipped Trog.
Trog was greatly pleased with you.
You visited 2 branches of the dungeon, and saw 10 of its levels.

You collected 459 gold pieces.
You spent 54 gold pieces at shops.

Inventory:

Hand Weapons
 h - a +2 trident of draining
 i - a +3 battleaxe of freezing (weapon)
 s - a +1 hand axe of venom
Armour
 e - a +2 pair of gloves (worn)
 p - a +0 plate armour
 v - an orb of mayhem
 z - a +2 chain mail
 A - the +2 ring mail of Elyvilon's Whim (worn) {Str+4 Int+5}
   (You found it on level 5 of the Dungeon)

   Str+4:     It affects your strength (+4).
   Int+5:     It affects your intelligence (+5).
Jewellery
 y - a +4 ring of slaying (left hand)
 C - a ring of flight
Talismans
 d - a talisman of death
Wands
 g - a wand of roots (13)
 j - a wand of mindburst (5)
 w - a wand of polymorph (7)
Scrolls
 b - 3 scrolls of identify
 n - 2 scrolls of fear
 q - 3 scrolls of teleportation
 r - a scroll of amnesia {unknown}
 t - a scroll of noise
 u - a scroll of revelation {unknown}
Potions
 a - a potion of enlightenment
 c - 3 potions of mutation
 f - a potion of heal wounds {unknown}
 k - 4 potions of attraction
 l - 2 potions of degeneration
 m - a potion of might {unknown}
 o - a potion of magic
 B - 2 potions of brilliance


   Skills:
 + Level 8.7 Fighting
 + Level 8.7 Axes
 + Level 7.8 Armour
 + Level 7.1 Dodging
 * Level 6.9 Shapeshifting


You had 9 spell levels left.
You didn't know any spells.
Your spell library was empty.

Dungeon Overview and Level Annotations

Branches:
Dungeon (9/15)             Temple (1/1) D:7
   Lair: D:8-11         Orc: D:9-12

Altars:
Ashenzari
Dithmenos
Elyvilon
Fedhas
Gozag
Hepliaklqana
Kikubaaqudgha
Makhleb
Nemelex Xobeh
Okawaru
Qazlal
Ru
Sif Muna
Trog
Uskayaw
Vehumet
Wu Jian
Yredelemnul
Zin
The Shining One

Shops:
D:5 *


Innate Abilities, Weirdness & Mutations

You have a pair of horns on your head.
You reflexively headbutt those who attack you in melee.
Your flesh is very cold resistant. (rC++)
Your magical capacity is low. (-10% MP)


Message History

u - a scroll labelled OCI UNGIL BUT A two-headed ogre comes into view.
It is wielding a +0 giant spiked club and a +0 giant club.
Found a stone staircase leading up.
The two-headed ogre shouts in stereo!
Aiming: Polymorph
Press: ? - help, Shift-Dir - straight line, f - two-headed ogre
Aim: a two-headed ogre, wielding a +0 giant spiked club and a +0 giant club (will become a shining eye, a shock serpent, or a snapping turtle, chance to affect: 31%)
The two-headed ogre evaporates and reforms as a shock serpent!
Aiming: Polymorph
Press: ? - help, Shift-Dir - straight line, f/p - shock serpent
Aim: a shock serpent (will become a swamp worm, an orb spider, or a komodo dragon, chance to affect: 31%)
The shock serpent evaporates and reforms as an orb spider!
Aiming: Mindburst
Press: ? - help, Shift-Dir - straight line, f/p - orb spider
Aim: an orb spider (chance to affect: 47%)
The orb spider's mind is blasted!
The orb spider pulsates with a strange energy.
Aiming: Fastroot
Press: ? - help, Shift-Dir - straight line, f/p - orb spider
Aim: an orb spider (moderately wounded, fully charged)
Okay, then.
Aiming: Mindburst
Press: ? - help, Shift-Dir - straight line, f/p - orb spider
Aim: an orb spider (moderately wounded, fully charged, chance to affect: 47%)
The orb spider's mind is blasted!
Aiming: Mindburst
Press: ? - help, Shift-Dir - straight line, f/p - orb spider
Aim: an orb spider (severely wounded, fully charged, chance to affect: 47%)
The orb spider resists with some effort.
The orb spider weaves a glowing orb of energy.
An orb of destruction comes into view.
The orb of destruction hits you!!!
Ouch! That really hurt!
The orb spider pulsates with a strange energy.
The orb spider weaves a glowing orb of energy.
An orb of destruction comes into view.
You see here a yak corpse.
The orb of destruction hits you!!!
Ouch! That really hurt!
You die...

###... #....### .. ..... +..#.#.#
........ #....'.# #..#...
#...##.##### +..#... #
#.#.#......# #...... .####
#...#####..# #...... ....
#...○○○.'..## #...... #####..
#.s○.#†@#...# #......
.....s.###°......##########......
.................................
.).......#.......#.............##
......#..#..###..#.......#..#..##
<..#.....#..###..#...#...#..#....
.................................
################################


There were no monsters in sight!

Vanquished Creatures
  A two-headed ogre (D:6)
  Pikel (D:5)
  Joseph (D:7)
  Jeremiah (D:7)
  Psyche (D:8)
  3 wyverns
  4 yaks (D:9)
  A steam dragon (D:8)
  Menkaure (D:7)
  3 orc warriors
  An ice beast (D:6)
  2 ogres
  The ghost of JaaP the Chopper, an amateur HOMo (D:3)
  2 sky beasts
  A centaur (D:6)
  2 lemures (D:5)
  A phantom (D:5)
  A kobold brigand (D:8)
  3 scorpions
  A bullfrog (D:4)
  2 wights (D:6)
  A howler monkey (D:7)
  2 bombardier beetles (D:5)
  5 hounds
  5 orc priests
  3 jellies
  2 sleepcaps (D:4)
  3 orc wizards
  Ijyb (D:4)
  3 iguanas
  A river rat (D:3)
  10 adders
  3 gnolls (D:2)
  4 dart slugs
  3 ribbon worms
  16 orcs
  7 endoplasms
  3 giant cockroaches
  9 goblins
  5 hobgoblins
  4 jackals
  14 kobolds
  7 quokkas
  10 ball pythons
  5 bats (D:1)
  4 frilled lizards (D:1)
  3 rats
167 creatures vanquished.

Vanquished Creatures (collateral kills)
  2 wights (D:6)
2 creatures vanquished.

Vanquished Creatures (others)
  An orc (D:6)
1 creature vanquished.

Grand Total: 170 creatures vanquished

Notes
Turn   | Place    | Note
-------+----------+-------------------------------------------
     0 | D:1      | Kroalmo the Minotaur Berserker began the quest for the Orb.
     0 | D:1      | Reached XP level 1. HP: 19/19 MP: 0/0
    86 | D:1      | Reached XP level 2. HP: 27/27 MP: 1/1
   602 | D:1      | Reached XP level 3. HP: 33/33 MP: 2/2
   607 | D:1      | Reached ** piety under Trog
  1012 | D:2      | Reached skill level 1 in Shapeshifting
  1024 | D:2      | Reached XP level 4. HP: 20/40 MP: 3/3
  1792 | D:3      | Found a runed translucent door.
  1793 | D:3      | Noticed JaaP's ghost (amateur HOMo)
  1932 | D:3      | Reached XP level 5. HP: 35/47 MP: 4/4
  2193 | D:3      | Found a runed translucent door.
  2526 | D:3      | Killed JaaP's ghost
  2688 | D:4      | Reached XP level 6. HP: 37/55 MP: 5/5
  2753 | D:4      | Reached *** piety under Trog
  2766 | D:4      | Noticed Ijyb
  2787 | D:4      | Killed Ijyb
  2788 | D:4      | Reached skill level 5 in Axes
  2833 | D:4      | Reached skill level 5 in Fighting
  3249 | D:4      | Reached XP level 7. HP: 60/61 MP: 6/6
  3347 | D:5      | Entered Level 5 of the Dungeon
  3387 | D:5      | Found Imoetamm's Assorted Antiques.
  3388 | D:5      | Noticed Pikel
  3410 | D:5      | Killed Pikel
  3411 | D:5      | Reached skill level 5 in Armour
  3411 | D:5      | Reached XP level 8. HP: 41/70 MP: 7/7
  3537 | D:5      | Bought a scroll labelled EXERPHO JAOFIU for 27 gold pieces
  3537 | D:5      | Bought a scroll labelled ONOCSO UKHOLOLUILI for 27 gold
                  | pieces
  3542 | D:5      | Found an ornate altar of the Wu Jian Council.
  3546 | D:5      | Found an opulent altar of Gozag.
  3813 | D:5      | Identified the +2 ring mail of Elyvilon's Whim {Str+4
                  | Int+5}
  3984 | D:5      | Found a basalt altar of Yredelemnul.
  4129 | D:6      | Noticed a two-headed ogre
  4141 | D:6      | Killed a two-headed ogre
  4142 | D:6      | Reached skill level 5 in Dodging
  4142 | D:6      | Reached skill level 5 in Shapeshifting
  4142 | D:6      | Reached XP level 9. HP: 55/78 MP: 8/8
  4268 | D:6      | Found a glowing silver altar of Zin.
  4486 | D:6      | Reached **** piety under Trog
  5249 | D:7      | Found an ancient bone altar of Kikubaaqudgha.
  5261 | D:7      | Found a stormy altar of Qazlal.
  5380 | D:7      | Noticed Menkaure
  5388 | D:7      | Killed Menkaure
  5460 | D:7      | Noticed Joseph
  5468 | D:7      | Noticed Jeremiah
  5754 | D:6      | Identified a scroll of acquirement
  5754 | D:6      | Acquired a +0 battleaxe of freezing
  5868 | D:6      | Gained mutation: Your magical capacity is low. (-10% MP)
                  | [potion of mutation]
  5868 | D:6      | Gained mutation: Your flesh is cold resistant. (rC+)
                  | [potion of mutation]
  5868 | D:6      | Gained mutation: Your flesh is very cold resistant. (rC++)
                  | [potion of mutation]
  6101 | D:7      | Killed Joseph
  6498 | D:7      | Found a staircase to the Ecumenical Temple.
  6504 | Temple   | Entered the Ecumenical Temple
  6831 | D:7      | Killed Jeremiah
  6832 | D:7      | Reached XP level 10. HP: 49/82 MP: 8/8
  7462 | D:8      | Noticed Psyche
  7470 | D:8      | Killed Psyche
  8084 | D:9      | Noticed a two-headed ogre
  8085 | D:9      | a two-headed ogre changed into a shock serpent
  8085 | D:9      | Noticed a shock serpent
  8086 | D:9      | a shock serpent changed into an orb spider
  8086 | D:9      | Noticed an orb spider
  8100 | D:9      | Blown up by an orb spider

Illustrated notes

Levels and vault maps discovered:
D:1:      erik_arrival_blinker_ship, layout_basic, minmay_door_square,
          minmay_tiny_reverse_x
D:2:      layout_basic, kennysheep_generic_room_6
D:3:      layout_basic, ebering_ghost_sewer_f
D:4:      layout_rooms, minmay_misc_feat_plants, minmay_quantized, uniq_ijyb
D:5:      layout_basic, grunt_temple_overflow_open, serial_shops,
          nicolae_shop_advertising_works [nicolae_subvault_shop_adworks],
          uniq_pikel
D:6:      layout_rooms, nicolae_overflow_hidden_temple
D:7:      layout_basic, mainiacjoe_overflow_cross_hatched,
          mainiacjoe_overflow_concentric_impassable,
          minmay_temple_entry_enclosed_plants, serial_glass, glass_columns_a,
          glass_columns_a, glass_columns_a, glass_columns_c, glass_columns_a,
          glass_columns_a, glass_columns_a, glass_columns_a, glass_columns_b,
          glass_columns_b, glass_columns_a, glass_columns_c, glass_columns_a,
          glass_columns_a, kennysheep_generic_room_3, uniq_jeremiah,
          uniq_menkaure, uniq_joseph
D:8:      layout_loops_ring, uniq_psyche
D:9:      layout_stronghold, mainiacjoe_overflow_alcove_2,
          hangedman_minor_gate_pass
Temple:   nicolae_temple_two_arcs

Skill      XL: |  1  2  3  4  5  6  7  8  9 10 |
---------------+-------------------------------+-----
Fighting       | 4 5 6 8 |  8.7
Axes           | 4 5 6 7 8 |  8.7
Shapeshifting  | 1 2 3 5 6 |  6.9
Armour         | 3 4 5 6 7 |  7.8
Dodging        | 3 4 5 6 7 |  7.1

Action                     |  1- 3 |  4- 6 |  7- 9 | 10-12 || total
---------------------------+-------+-------+-------+-------++-------
  Melee: Hand axe          |    80 |   116 |   124 |       ||   320
         Headbutt          |    11 |    20 |    32 |     2 ||    65
         Punch             |       |     1 |       |       ||     1
         Unarmed           |       |    10 |       |       ||    10
         Battleaxe         |       |       |    29 |    47 ||    76
 Invoke: Brothers in Arms  |       |       |     1 |       ||     1
  Evoke: Wand              |       |       |     4 |     5 ||     9
    Use: Scroll            |       |       |    19 |       ||    19
         Potion            |       |       |     6 |       ||     6
   Stab: Distracted        |       |       |     1 |       ||     1
 Armour: Animal skin       |    48 |    26 |       |       ||    74
         Leather armour    |       |    41 |       |       ||    41
         Skin              |       |     3 |       |       ||     3
         Chain mail        |       |       |    27 |       ||    27
         Ring mail         |       |       |    91 |    32 ||   123
  Dodge: Dodged            |    54 |    67 |    65 |    11 ||   197
